 Dungeon Crawl Stone Soup version 0.31-a0-145-g046c7d2549 (webtiles) character file.

Game seed: 13353027359102008467

141 hikkokomori the Digger (level 4, 0/37 HPs)
             Began as a Demigod Earth Elementalist on June 7, 2023.
             Slain by an orc
             ... wielding a +2 short sword of protection
              (3 damage)
             ... on level 2 of the Dungeon.
             The game lasted 00:01:34 (1454 turns).

hikkokomori the Digger (Demigod Earth Elementalist) Turns: 1454, Time: 00:01:34

Health: 0/37       AC:  2    Str:  9    XL:     4   Next: 73%
Magic:  0/9        EV: 12    Int: 21    God:
Gold:   135        SH:  0    Dex: 14    Spells: 5/6 levels left

rFire   . . .        (no weapon)
rCold   . . .        (no shield)
rNeg    . . .        a - +0 robe
rPois   .            (no helmet)
rElec   .            (no cloak)
rCorr   .            (no gloves)
SInv    .            (no boots)
Will    .....        (no amulet)
Stlth   ++           (no ring)
HPRegen 0.26/turn    (no ring)
MPRegen 0.11/turn

%: no passive effects
@: mighty
A: high MP 1, forlorn, divine attributes
a: no special abilities


You were on level 2 of the Dungeon.
You visited 1 branch of the dungeon, and saw 2 of its levels.

You collected 135 gold pieces.

Inventory:

Missiles
 f - a throwing net
Armour
 a - a +0 robe (worn)
Scrolls
 h - a scroll of identify {unknown}
 j - a scroll of amnesia {unknown}
Potions
 b - a potion of magic
 c - a potion of might
 d - a potion of resistance {unknown}
 e - a potion of curing {unknown}
 g - a potion of brilliance {unknown}
 i - a potion of heal wounds {unknown}
 k - a potion of ambrosia {unknown}


   Skills:
 + Level 2.3 Fighting
 - Level 1.7 Dodging
 + Level 3.2 Stealth
 - Level 1.7 Spellcasting
 - Level 0.8 Transmutations
 + Level 3.6 Earth Magic


You had 5 spell levels left.
You knew the following spells:

 Your Spells              Type           Power      Damage    Failure   Level
a - Sandblast             Erth           34%        2d9       3%          1

Your spell library contained the following spells:

 Spells                   Type           Power      Damage    Failure   Level
 Passwall                 Tmut/Erth      9%         N/A       9%          2
 Stone Arrow              Conj/Erth      18%        3d8       22%         3
 Petrify                  Tmut/Erth      11%        N/A       52%         4


Dungeon Overview and Level Annotations

Branches:
Dungeon (2/15)


Innate Abilities, Weirdness & Mutations

You have an increased reservoir of magic. (+10% MP)
You shall have no god before yourself.
Your divine heritage dramatically boosts your attributes as you level up.


Message History

Press: ? - help, Shift-Dir - straight line, f/p - orc
Aim: an orc, wielding a +2 short sword of protection and wearing a +0 leather armour (82% to hit)
The blast of sand hits the orc but does no damage.
The orc closely misses you. x2
Unknown command.
You closely miss the orc. The orc barely misses you.
You hit the orc but do no damage. The orc barely misses you.
You hit the orc but do no damage.
The orc hits you with a +2 short sword of protection.
You closely miss the orc.
The orc hits you with a +2 short sword of protection.
You hit the orc but do no damage. The orc completely misses you.
You hit the orc but do no damage.
The orc hits you with a +2 short sword of protection.
* * * LOW HITPOINT WARNING * * *
The orc attacks as you move away! The orc completely misses you.
The orc attacks as you move away! The orc barely misses you.
Casting: Sandblast (safe; 3% risk of failure)
Confirm with . or Enter, or press ? or * to list all spells.
Aiming: Sandblast (safe; 3% risk of failure)
Press: ? - help, Shift-Dir - straight line, f/p - orc
Aim: an orc, wielding a +2 short sword of protection and wearing a +0 leather armour (82% to hit)
The blast of sand hits the orc.
The orc is heavily wounded.
The orc hits you but does no damage.
You hit the orc but do no damage.
The orc is heavily wounded.
The orc hits you with a +2 short sword of protection.
* * * LOW HITPOINT WARNING * * *
A jackal comes into view.
Unknown command.
It was a potion of might.
You feel very mighty all of a sudden.
The orc hits you with a +2 short sword of protection.
* * * LOW HITPOINT WARNING * * *
Unknown command.
You closely miss the orc.
The orc is heavily wounded.
The orc hits you with a +2 short sword of protection.
You die...

....# .. #....#
....###. .#
...)# ....#).
#. .h. ..#.#.#
.. #)#
..#.#.###. #.#
..#)..#.. ###.#
..#...#.# #oh.#
####..#.# #o###
.###....# #@#
...#...##
####.# ##...###
#....# ##..#
#.#### ###.####
####.#
.......###....#
...........####
.......#####
.......#


You could see 2 orcs and a jackal.

Vanquished Creatures
  An ogre (D:2)
  2 adders
  2 worms
  2 orcs (D:2)
  4 ball pythons
  6 bats
  2 endoplasms
  3 giant cockroaches (D:2)
  3 hobgoblins (D:1)
  A kobold (D:1)
  2 quokkas (D:1)
  2 goblins
  5 rats
35 creatures vanquished.

Notes
Turn   | Place    | Note
-------+----------+-------------------------------------------
     0 | D:1      | hikkokomori the Demigod Earth Elementalist began the quest
                  | for the Orb.
     0 | D:1      | Reached XP level 1. HP: 14/14 MP: 5/5
   382 | D:1      | Reached XP level 2. HP: 22/22 MP: 4/7
   559 | D:1      | Reached skill level 1 in Fighting
  1015 | D:1      | Reached XP level 3. HP: 9/28 MP: 0/8
  1346 | D:2      | Noticed an ogre
  1351 | D:2      | Killed an ogre
  1352 | D:2      | Reached XP level 4. HP: 36/36 MP: 5/9
  1454 | D:2      | Slain by an orc

Illustrated notes

Levels and vault maps discovered:
D:1:      kennysheep_arrival_seaside, layout_basic
D:2:      layout_rooms, minmay_statues_item, kennysheep_generic_room_6

Skill      XL: |  1  2  3 |
---------------+----------+-----
Stealth        | 2 3 |  3.2
Fighting       | 1 2 |  2.3
Earth Magic    | 3 |  3.6
Dodging        | |  1.7
Spellcasting   | |  1.7
Transmutations | |  0.8

Action                     |  1- 3 |  4- 6 || total
---------------------------+-------+-------++-------
  Melee: Unarmed           |       |    10 ||    10
   Cast: Sandblast         |    50 |    13 ||    63
    Use: Potion            |       |     1 ||     1
 Armour: Robe              |     5 |     1 ||     6
  Dodge: Dodged            |    20 |    13 ||    33

Table legend: (Time is in decaauts)
 A = Elapsed time spent in this place.
 B = Non-inter-level travel time spent in this place.
 C = Inter-level travel time spent in this place.
 D = Time resting spent in this place.
 E = Time spent auto-exploring this place.
 F = Levels seen in this place.
 G = Mean time per level.
                   A        B        C        D        E       F      G
               +--------+--------+--------+--------+--------+-----+--------+
         Total |   1489 |   1437 |     52 |    105 |   1105 |   2 |  744.5 |
       Dungeon |   1489 |   1437 |     52 |    105 |   1105 |   2 |  744.5 |
               +--------+--------+--------+--------+--------+-----+--------+

Top non-repeatable levels by time:
     D:1: 1089 daAuts
     D:2: 399 daAuts
